 Dungeon Crawl Stone Soup version 0.24-a0-284-g9fb9971 (webtiles) character file.

Game seed: 5655585099363636592

28 Avack the Chopper (level 3, 0/29 HPs)
             Began as a Demonspawn Chaos Knight on May 3, 2019.
             Was a Plaything of Xom.
             Slain by a worker ant (3 damage)
             ... on level 2 of the Dungeon on May 4, 2019.
             The game lasted 00:02:16 (594 turns).

Avack the Chopper (Demonspawn Chaos Knight)          Turns: 594, Time: 00:02:17

Health: 0/29       AC:  7    Str: 12    XL:     3   Next: 0%
Magic:  3/3        EV: 11    Int: 13    God:    Xom [*.....]
Gold:   57         SH:  0    Dex: 13    Spells: 2/2 levels left

rFire    . . .     SeeInvis .   a - +0 hand axe (chaos)
rCold    . . .     Gourm    .   (no shield)
rNeg     . . .     Faith    .   b - +2 leather armour
rPois    .         Spirit   .   (no helmet)
rElec    .         Reflect  .   (no cloak)
rCorr    .         Harm     .   (no gloves)
MR       .....     Rnd*Tele +   (no boots)
Stlth    +.........             (no amulet)
HPRegen  0.09/turn              k - ring of teleportation (curse)
MPRegen  0.08/turn              (no ring)

@: lethally poisoned (0 -> -3)
A: molten scales 1, rot immunity
a: Renounce Religion


You were on level 2 of the Dungeon.
You worshipped Xom.
You were a special plaything of Xom.
You were not hungry.

You visited 1 branch of the dungeon, and saw 2 of its levels.

You collected 57 gold pieces.

Inventory:

Hand Weapons
 a - a +0 hand axe of chaos (weapon)
Missiles
 d - 19 poisoned needles
Armour
 b - a +2 leather armour (worn)
Jewellery
 k - a cursed ring of teleportation (left hand)
Scrolls
 g - 3 scrolls of fear
Comestibles
 c - 2 rations
 f - 10 chunks of flesh


   Skills:
 - Level 3.1 Fighting
 + Level 3.3 Axes
 - Level 2.0 Armour
 - Level 1.2 Dodging


You had 2 spell levels left.
You didn't know any spells.
Your spell library was empty.

Dungeon Overview and Level Annotations

Branches:
Dungeon (2/15)

Altars:


Innate Abilities, Weirdness & Mutations

You are partially covered in molten scales. (AC +2)
You are immune to rotting.


Message History

The worker ant closely misses you.
You hit the worker ant but do no damage.
The worker ant seems to speed up.
The worker ant is moderately wounded.
You feel sick.
The worker ant bites you but does no damage.
The worker ant bites you.
You hit the worker ant.
The worker ant is heavily wounded.
The worker ant completely misses you. The worker ant bites you.
You closely miss the worker ant.
The worker ant is heavily wounded.
The worker ant bites you but does no damage.
The worker ant bites you.
* * * LOW HITPOINT WARNING * * *
You hit the worker ant but do no damage.
The worker ant is heavily wounded.
* * * LOW HITPOINT WARNING * * *
You feel sick. The worker ant bites you.
You die...

,*,***,♣..###...#**,********,*
,,,♣,,,#....#...###+### *,*
*,*...,#..§...........# *,*
*,**♣...#§#§÷.....(...# *,*
,,,,,,*♣.§§§§.........# *,*
,,***♣..P.§§§#........# *,*
,*,[....§§§#§#!>......##****,*
*,,♣♣.♣♣♣..#.#..a.......,,,,,*
,**,♣,,,...#.#..@......#******
**,,,≈*§♣.##.######+##.#,,,,,*
,,,,*,.P§.,,..,,,,,>,,,*,,,*,*
,,,,,P§...,,.#**,,,,,*,,,,,*,*
,,,,,,*,,*****,,,**,,****,,,,*
,,,,,,,,,***,,,****,,,,**,,******
,,,*,,,,,*,,,*** **,*,**,,,,,,,,
*,,,,*,,,,,,** *,*,,,,,,,,,,*
*,,***,,,**,* *,*****,,,,,,*


You could see a worker ant.

Vanquished Creatures
  A dart slug (D:1)
  A bat (D:1)
  A giant cockroach (D:1)
  5 goblins (D:1)
  6 hobgoblins (D:1)
  A quokka (D:2)
  A frilled lizard (D:2)
  4 kobolds (D:1)
  3 rats (D:1)
23 creatures vanquished.

Notes
Turn   | Place    | Note
-------+----------+-------------------------------------------
     0 | D:1      | Avack the Demonspawn Chaos Knight began the quest for the
                  | Orb.
     0 | D:1      | Reached XP level 1. HP: 18/18 MP: 1/1
    90 | D:1      | Reached skill level 1 in Dodging
   110 | D:1      | Gained mutation: You are immune to rotting. [demonic
                  | ancestry]
   110 | D:1      | Reached XP level 2. HP: 23/24 MP: 2/2
   154 | D:1      | Upgraded the game from 0.24-a0-282-g1a68c91 to
                  | 0.24-a0-284-g9fb9971
   269 | D:1      | XOM: harmless Tloc miscast
   565 | D:2      | XOM: mild Hex miscast
   570 | D:2      | Gained mutation: You are partially covered in molten
                  | scales. (AC +2) [demonic ancestry]
   570 | D:2      | Reached XP level 3. HP: 27/29 MP: 3/3
   594 | D:2      | Slain by a worker ant

Levels and vault maps discovered:
D:1:      lightli_arrival_windingriver, layout_rooms, chequers_arboretum
D:2:      wad_woods_tower, layout_basic

Skill      XL: |  1  2 |
---------------+-------+-----
Dodging        | 1 |  1.2
Armour         | 2 |  2.0
Axes           | 3 |  3.3
Fighting       | |  3.1

Action                   || total
-------------------------++-------
Melee: Hand axe          ||    75
  Use: Scroll            ||     4
Armor: Leather armour    ||    24
Dodge: Dodged            ||    43

Table legend:
 A = Non-vault XP
 B = Vault XP
 C = Vault XP percentage of total XP
 D = Non-vault monster count
 E = Vault monster count
 F = Vault count percentage of total count
                 A         B        C        D         E       F
            +---------+---------+-------+---------+---------+-------
      Total |      39 |       2 |   4.9 |      22 |       1 |   4.3
            +---------+---------+-------+---------+---------+-------
        D:1 |      38 |       0 |   0.0 |      21 |       0 |   0.0
        D:2 |       1 |       2 |  66.7 |       1 |       1 |  50.0
            +---------+---------+-------+---------+---------+-------
